 Dungeon Crawl Stone Soup version 0.28.0-53-g5a82cb258f (webtiles) character file.

Game seed: 14127156783849798468

447 funkygono the Slasher (level 6, 0/55 HPs)
             Began as a Minotaur Fighter on July 6, 2022.
             Slain by an ogre
             ... wielding a +0 giant spiked club
              (28 damage)
             ... on level 5 of the Dungeon.
             The game lasted 00:03:34 (2498 turns).

funkygono the Slasher (Minotaur Fighter)            Turns: 2498, Time: 00:03:35

Health: 0/55       AC: 14    Str: 22    XL:     6   Next: 73%
Magic:  5/5        EV:  6    Int:  5    God:
Gold:   185        SH:  4    Dex: 10    Spells: 5/5 levels left

rFire   . . .      SeeInvis .   a - +0 long sword
rCold   . . .      Faith    .   c - +0 buckler
rNeg    . . .      Spirit   .   i - +0 plate armour
rPois   .          Reflect  .   (helmet restricted)
rElec   .          Harm     .   e - +0 cloak
rCorr   .          Rampage  .   p - +0 pair of gloves
Will    .....                   (no boots)
Stlth   ..........              (no amulet)
HPRegen 0.18/turn               (no ring)
MPRegen 0.09/turn               (no ring)

@: no status effects
A: horns 2, retaliatory headbutt
a: no special abilities


You were on level 5 of the Dungeon.
You visited 1 branch of the dungeon, and saw 4 of its levels.

You collected 185 gold pieces.

Inventory:

Hand Weapons
 a - a +0 long sword (weapon)
 l - a +3 quarterstaff of chaos
Armour
 b - a +0 scale mail
 c - a +0 buckler (worn)
 e - a +0 cloak (worn)
 i - a +0 plate armour (worn)
 p - a +0 pair of gloves (worn)
Wands
 k - a wand of flame (12)
Scrolls
 g - a scroll of teleportation
 j - a scroll of immolation
 o - a scroll of identify {unknown}
Potions
 d - a potion of might
 f - a potion of resistance {unknown}
 h - a potion of curing
 m - a potion of lignification {unknown}
 n - a potion of attraction {unknown}


   Skills:
 + Level 4.9 Fighting
 + Level 5.4 Long Blades
 + Level 5.4 Armour
 + Level 0.5 Dodging
 + Level 0.2 Stealth
 + Level 4.3 Shields
 + Level 2.1 Evocations


You had 5 spell levels left.
You didn't know any spells.
Your spell library was empty.

Dungeon Overview and Level Annotations

Branches:
Dungeon (3/15)

Altars:
Vehumet

Shops:
D:3 !


Innate Abilities, Weirdness & Mutations

You have a pair of horns on your head.
You reflexively headbutt those who attack you in melee.


Message History

Grinder gestures at you. Pain shoots through your body!
You hit Grinder but do no damage.
Grinder is almost dead.
Grinder drinks a potion.
Grinder is healed!
You barely miss Grinder. You headbutt Grinder, but do no damage.
Grinder is severely wounded.
Grinder hits you but does no damage.
You slash Grinder! You headbutt Grinder.
You kill Grinder!
Your Long Blades skill increases to level 5!
Your Evocations skill increases to level 2!
You have reached level 6!
An ogre comes into view. It is wielding a +0 giant spiked club.
Aiming: Throw Flame
Press: ? - help, Shift-Dir - straight line, f - ogre
Aim: an ogre, wielding a +0 giant spiked club (wandering, hasn't noticed you, 86% to hit)
The puff of flame hits the ogre.
The ogre is lightly wounded.
The ogre shouts!
You hear a shout!
Aiming: Throw Flame
Press: ? - help, Shift-Dir - straight line, f/p - ogre
Aim: an ogre, wielding a +0 giant spiked club (lightly wounded, 86% to hit)
Okay, then.
Aiming: Throw Flame
Press: ? - help, Shift-Dir - straight line, f/p - ogre
Aim: an ogre, wielding a +0 giant spiked club (lightly wounded, 86% to hit)
The puff of flame hits the ogre.
The ogre is moderately wounded.
Unknown command.
Found a scroll labelled LIYT NAKIA.
A hound skeleton comes into view.
You barely miss the ogre.
The ogre is moderately wounded.
The ogre hits you with a +0 giant spiked club!!
You completely miss the ogre.
The ogre is moderately wounded.
The ogre hits you with a +0 giant spiked club!!
Ouch! That really hurt!
You die...

...........###
#########....#
#..#.#
########.#.#
.......#.#.#
.......#...#
.......##..####
..............#
.......@......#
......O.......#
###...........#
#...........#
.............#
..Z....###.#...?
....... .#..##
...#### +# .#


You could see an ogre and a hound skeleton.

Vanquished Creatures
  Grinder (D:5)
  A wyvern skeleton (D:5)
  A howler monkey (D:5)
  Crazy Yiuf (D:2)
  A bullfrog skeleton (D:5)
  Ijyb (D:5)
  An adder (D:2)
  3 gnolls (D:5)
  An adder skeleton (D:3)
  2 orcs
  2 bats (D:1)
  3 endoplasms
  A giant cockroach (D:1)
  7 goblins
  4 hobgoblins
  3 kobolds
  A quokka (D:2)
  2 ball pythons
  2 frilled lizards
  3 rats
41 creatures vanquished.

Notes
Turn   | Place    | Note
-------+----------+-------------------------------------------
     0 | D:1      | funkygono the Minotaur Fighter began the quest for the Orb.
     0 | D:1      | Reached XP level 1. HP: 19/19 MP: 0/0
   430 | D:1      | Reached XP level 2. HP: 27/27 MP: 1/1
   774 | D:2      | Found a faded altar of an unknown god.
  1102 | D:2      | Reached XP level 3. HP: 33/33 MP: 2/2
  1334 | D:2      | Found a runed translucent door.
  1335 | D:2      | Noticed Crazy Yiuf
  1629 | D:2      | Killed Crazy Yiuf
  1670 | D:3      | Found a radiant altar of Vehumet.
  1763 | D:3      | Reached XP level 4. HP: 40/40 MP: 3/3
  1981 | D:3      | Found Juin's Distillery.
  2067 | D:3      | You fall into a shaft and drop 2 floors!
  2067 | D:5      | Entered Level 5 of the Dungeon
  2089 | D:5      | Reached XP level 5. HP: 39/47 MP: 4/4
  2156 | D:5      | Reached skill level 1 in Evocations
  2200 | D:5      | Reached skill level 5 in Armour
  2295 | D:5      | Noticed Ijyb
  2304 | D:5      | Killed Ijyb
  2482 | D:5      | Noticed Grinder
  2490 | D:5      | Killed Grinder
  2491 | D:5      | Reached skill level 5 in Long Blades
  2491 | D:5      | Reached XP level 6. HP: 46/55 MP: 5/5
  2498 | D:5      | Slain by an ogre

Illustrated notes

Levels and vault maps discovered:
D:1:      minmay_arrival_shoal_huts, layout_loops_ring, hex_medium
D:2:      layout_loops_cross, nicolae_ecumenical_oubliette,
          uniq_crazy_yiuf_cottage
D:3:      minmay_razor_zed, layout_basic, vehumet_altar_wand_db, serial_shops,
          nicolae_shop_waterfront, chequers_serial_rivers_micro_c,
          minmay_starry_boxes
D:5:      layout_basic, kennysheep_little_box, uniq_grinder, uniq_ijyb

Skill      XL: |  1  2  3  4  5 |
---------------+----------------+-----
Fighting       | 4 |  4.9
Shields        | 4 |  4.3
Long Blades    | 3 4 5 |  5.4
Armour         | 4 5 |  5.4
Evocations     | 2 |  2.1
Dodging        | |  0.5
Stealth        | |  0.2

Action                   |  1- 3 |  4- 6 || total
-------------------------+-------+-------++-------
Melee: Long sword        |    57 |    40 ||    97
       Headbutt          |     6 |     5 ||    11
Evoke: Wand              |     1 |    26 ||    27
  Use: Scroll            |     3 |       ||     3
Armor: Scale mail        |    20 |       ||    20
       Plate armour      |     5 |    18 ||    23
Dodge: Dodged            |    27 |    12 ||    39
Block: Buckler           |    10 |     4 ||    14
